Map: Orbital Shipyard (3.0.5 Balance v1.0)

Players

rxrxYUKI

  • Race: Protoss Protoss

Player 2

  • Race: Protoss Protoss

VOD

Have the link to the VOD?

Description

Time

  • Played on: Dec. 19, 2015, 8:14 a.m.
  • Length: 9:15
Show
View Real Time Build Order
Export as new Build Order

rxrxYUKI Protoss 

Build Orders:  

Get SALT Encoding   

    1:51  Probe x12 (Chrono Boost)  
    2:01  Unknown  
  12  2:05  Probe (Chrono Boost)  
  13  2:16  Probe (Chrono Boost)  
  13  2:22  Pylon  
  14  2:29  Probe (Chrono Boost)  
  15  2:40  Probe (Chrono Boost)  
  16  2:44  Gateway  
  16  2:53  Probe (Chrono Boost)  
  17  3:03  Probe (Chrono Boost)  
  18  3:15  Probe (Chrono Boost), Assimilator  
  19  3:21  Assimilator  
  19  3:29  Gateway  
  19  3:32  Probe (Chrono Boost)  
  20  3:43  Cybernetics Core  
  20  3:56  Pylon  
  20  4:10  Probe (Chrono Boost)  
  21  4:19  Warp Gate  
  21  4:23  Adept  
  23  4:30  Adept  
  25  4:37  Gateway  
  25  4:45  Gateway  
  26  5:00  Probe (Chrono Boost)  
  26  5:20  Pylon  
  26  5:34  Adept x2  
  30  5:59  Adept x2  
  34  6:38  Pylon  
  30  7:13  Stalker  
  30  7:15  Stalker  
  34  7:16  Stalker x2  
  34  7:18  Gateway  
  36  7:50  Stalker x2  
  36  7:51  Stalker  
  40  7:52  Stalker  
  38  8:32  Stalker  
  38  8:33  Stalker x2  
  40  8:34  Stalker  
Show
View Real Time Build Order
Export as new Build Order

Player 2 Protoss 

Build Orders:  

Get SALT Encoding   

    1:51  Probe x12 (Chrono Boost)  
    2:01  Unknown  
  12  2:04  Probe (Chrono Boost)  
  13  2:14  Probe (Chrono Boost)  
  14  2:21  Pylon  
  14  2:25  Probe (Chrono Boost)  
  15  2:39  Probe (Chrono Boost)  
  16  2:50  Probe (Chrono Boost)  
  17  3:00  Probe (Chrono Boost)  
  17  3:04  Nexus  
  18  3:14  Gateway  
  18  3:19  Assimilator  
  18  3:30  Pylon  
  18  3:49  Assimilator  
  18  4:00  Zealot  
  18  4:09  Cybernetics Core  
  21  4:24  Probe (Chrono Boost)  
  21  4:29  Probe (Chrono Boost)  
  21  4:31  Warp Gate  
  22  4:35  Probe (Chrono Boost)  
  23  4:40  Probe (Chrono Boost)  
  23  4:44  Adept  
  26  5:17  Stalker  
  28  5:51  Stalker  
  30  6:07  Probe (Chrono Boost)  
  30  6:34  Adept  
  32  6:50  Probe (Chrono Boost)  
  32  6:54  Probe (Chrono Boost)  
  32  7:43  Stalker  
  30  8:16  Zealot  
  28  8:41  Adept  
  30  8:43  Probe (Chrono Boost)  
  30  8:44  Pylon  
  30  8:46  Probe (Chrono Boost)  
  30  8:48  Nexus, Robotics Facility  
  32  8:54  Probe (Chrono Boost)  
  33  8:59  Zealot  
Tags
 
Add a new tag
Caveats
  • Supply blocks, unpowered buildings, or Contaminate may cause inaccurate times.
  • Supply counts are checked every 10 seconds.